 Dungeon Sprint DCSS version 0.28.0-45-g0d030f2227 (webtiles) character file.

Game seed: 14748005996677447871

17856 boopmooplesden the Executioner (level 12, -10/152 HPs)
             Began as a Minotaur Berserker on Apr 19, 2022.
             Was the Champion of Trog.
             Mangled by the 27-headed Lernaean hydra (11 damage)
             ... in the Dungeon (Sprint III: "The Ten Rune Challenge") on Apr 20, 2022.
             The game lasted 00:07:19 (4248 turns).

boopmooplesden the Executioner (Minotaur Berserker) Turns: 4248, Time: 00:07:20

Health: -10/152    AC:  5    Str: 22    XL:     12   Next: 22%
Magic:  11/11      EV: 19    Int:  4    God:    Trog [******]
Gold:   51         SH:  0    Dex: 15    Spells: 11/11 levels left

rFire   . . .      SeeInvis .   s - +3 broad axe "Qedoe" {flame, *Rage rElec rPois Stlth+}
rCold   . . .      Faith    .   (no shield)
rNeg    . . .      Spirit   .   x - +0 leather armour
rPois   +          Reflect  .   u - +0 hat {Stlth+}
rElec   +          Harm     .   (no cloak)
rCorr   .          Rampage  .   o - +0 pair of gloves
Will    .....      Rage     20% (no boots)
Stlth   +++....... NoTele   +   (no amulet)
HPRegen 0.35/turn               (no ring)
MPRegen 0.12/turn               (no ring)

@: lethally poisoned (-10 -> -13), on berserk cooldown, slowed, very slow
A: horns 2, retaliatory headbutt, talons 1, camouflage 1, robust 1, MP-powered
wands
a: Renounce Religion, Berserk, Trog's Hand, Brothers in Arms


You were in the Dungeon.
You worshipped Trog.
Trog was exalted by your worship.
You visited 1 branch You collected 51 gold pieces.

Inventory:

Hand Weapons
 a - a +0 hand axe
 d - a +3 scimitar of flaming
 p - a +6 executioner's axe
 q - a +0 long sword of holy wrath
 r - a +5 battleaxe
 s - the +3 broad axe "Qedoe" (weapon) {flame, *Rage rElec rPois Stlth+}
   (Trog gifted it to you in the Dungeon)

   It burns those it strikes, dealing additional fire damage.
   Big, fiery blades are also staple armaments of hydra-hunters.
   rElec:     It insulates you from electricity.
   rPois:     It protects you from poison.
   *Rage:     It berserks you when you make melee attacks (+20% chance).
   Stlth:     It makes you more stealthy.
 t - a +4 great sword of flaming
 w - a +0 executioner's axe of freezing
Armour
 b - a +0 animal skin
 o - a +0 pair of gloves (worn)
 u - a +0 hat of stealth (worn)
 x - a +0 leather armour (worn)
Wands
 n - a wand of mindburst (18)
Scrolls
 h - a scroll of blinking
 i - 3 scrolls of identify {unknown}
 j - a scroll of holy word {unknown}
 l - a scroll of immolation {unknown}
Potions
 e - a potion of haste
 f - 3 potions of magic
 g - a potion of berserk rage
 k - 2 potions of flight {unknown}
 m - a potion of degeneration {unknown}
 v - a potion of lignification {unknown}
Miscellaneous
 c - a box of beasts


   Skills:
 + Level 22.5 Fighting
 + Level 4.5 Long Blades
 + Level 23.2 Axes
 + Level 7.1 Armour
 + Level 14.0 Dodging
 + Level 5.7 Stealth
 + Level 0.1 Evocations


You had 11 spell levels left.
You didn't know any spells.
Your spell library was empty.

Dungeon Overview and Level Annotations

Branches:
Dungeon (1/1)

Altars:
Cheibriados
Dithmenos
Elyvilon
Fedhas
Gozag
Hepliaklqana
Kikubaaqudgha
Makhleb
Nemelex Xobeh
Okawaru
Qazlal
Ru
Sif Muna
Trog
Uskayaw
Vehumet
Wu Jian
Xom
Yredelemnul
Zin
The Shining One
Beogh
Jiyva
Lugonu

Shops:
D (:?

Annotations:
D Lernaean hydra


Innate Abilities, Weirdness & Mutations

You have a pair of horns on your head.
You reflexively headbutt those who attack you in melee.
You have sharp toenails.
Your skin changes colour to match your surroundings (Stealth+).
You are robust. (+10% HP)
You expend magic power (3 MP) to strengthen your wands.


Message History

You feel yourself slow down.
You hear a crashing sound.
You hear a deafening roar!
You hear a crashing sound.
You enter the shallow water.
Moving in this stuff is going to be slow.
The 27-headed Lernaean hydra completely misses you.
The 27-headed Lernaean hydra bites you. x2
The 27-headed Lernaean hydra closely misses you.
The 27-headed Lernaean hydra completely misses you. x2
The 27-headed Lernaean hydra bites you. The 27-headed Lernaean hydra bites you!
The 27-headed Lernaean hydra bites you. The 27-headed Lernaean hydra bites you!
The 27-headed Lernaean hydra bites you but does no damage.
The 27-headed Lernaean hydra completely misses you.
The 27-headed Lernaean hydra bites you! x2
The 27-headed Lernaean hydra completely misses you.
The 27-headed Lernaean hydra bites you! The 27-headed Lernaean hydra bites you.
The 27-headed Lernaean hydra bites you but does no damage.
The 27-headed Lernaean hydra bites you! x2
* * * LOW HITPOINT WARNING * * *
The 27-headed Lernaean hydra bites you.
* * * LOW HITPOINT WARNING * * *
The 27-headed Lernaean hydra bites you!
* * * LOW HITPOINT WARNING * * *
The 27-headed Lernaean hydra barely misses you.
The 27-headed Lernaean hydra bites you!
* * * LOW HITPOINT WARNING * * *
The 27-headed Lernaean hydra bites you!
* * * LOW HITPOINT WARNING * * *
The 27-headed Lernaean hydra bites you but does no damage.
The 27-headed Lernaean hydra misses you.
The swamp drake breathes poison at you.
The noxious blast engulfs you but does no damage.
You are poisoned.
You resist.
The 27-headed Lernaean hydra closely misses you.
The 27-headed Lernaean hydra bites you!
* * * LOW HITPOINT WARNING * * *
The 27-headed Lernaean hydra misses you.
The 27-headed Lernaean hydra bites you!
You die...

#♣.♣ ♣.♣♣
##### ♣♣.♣
...φ# ♣.♣♣
....# ♣≈♣♣
...≈#
♣.†♣♣#.≈°#
♣♣○♣.≈####♣♣
♣♣Dk♣.....♣
♣♣○@♣♣♣♣♣♣.♣
♣○○○○.§§§.≈♣
♣.○...§§§..♣
♣.♣..≈§§§§.♣
♣♣♣♣♣♣♣♣∩∩∩♣
♣♣♣♣♣


You could see the 27-headed Lernaean hydra and a swamp drake (catching breath).

Vanquished Creatures
  Rupert (D)
  Harold (D)
  Gastronok (D)
  2 dire elephants (D)
  A hydra (D)
  A centaur warrior (D)
  Erica (D)
  4 death yaks (D)
  A swamp dragon (D)
  Joseph (D)
  A deep elf pyromancer (D)
  2 elephants (D)
  2 black mambas (D)
  2 cane toads (D)
  An unseen horror (D)
  A komodo dragon (D)
  A rime drake (D)
  A queen bee (D)
  An orc high priest (D)
  8 blink frogs (D)
  A shadow (D)
  3 wandering mushrooms (D)
  A spatial vortex (D)
  2 swamp drakes (D)
  A necrophage (D)
  2 centaurs (D)
  An earth elemental (D)
  A water elemental (D)
  A scorpion (D)
  31 killer bees (D)
  A jelly (D)
  3 orc priests (D)
  A wizard (D)
  A necromancer (D)
  A kobold demonologist (D)
  3 humans (D)
  An endoplasm (D)
  3 rats (D)
92 creatures vanquished.

Vanquished Creatures (others)
  14 plants (D)
14 creatures vanquished.

Grand Total: 106 creatures vanquished

Notes
Turn   | Place    | Note
-------+----------+-------------------------------------------
     0 | D        | boopmooplesden the Minotaur Berserker began the quest for
                  | the Orb.
     0 | D        | Reached XP level 1. HP: 19/19 MP: 0/0
     6 | D        | Reached skill level 4 in Axes
    85 | D        | Reached ** piety under Trog
   118 | D        | Reached skill level 5 in Fighting
   118 | D        | Reached skill level 5 in Axes
   118 | D        | Reached XP level 2. HP: 16/29 MP: 1/1
   308 | D        | Noticed a scorpion
   318 | D        | Killed a scorpion
   319 | D        | Reached skill level 7 in Axes
   319 | D        | Reached XP level 3. HP: 7/39 MP: 2/2
   319 | D        | Reached XP level 4. HP: 8/47 MP: 3/3
   597 | D        | Noticed a water elemental
   600 | D        | Killed a water elemental
   601 | D        | Reached skill level 8 in Axes
   601 | D        | Reached XP level 5. HP: 53/53 MP: 4/4
   684 | D        | Found a basalt altar of Yredelemnul.
   684 | D        | Found a shadowy altar of Dithmenos.
   684 | D        | Found a sacrificial altar of Ru.
   684 | D        | Noticed a necrophage
   689 | D        | Killed a necrophage
   689 | D        | Reached *** piety under Trog
   690 | D        | Reached skill level 9 in Axes
   690 | D        | Reached skill level 5 in Dodging
   798 | D        | Found a hide-covered altar of Uskayaw.
   798 | D        | Found an iron altar of Okawaru.
   799 | D        | Found a bloodstained altar of Trog.
   799 | D        | Found an ornate altar of the Wu Jian Council.
   799 | D        | Noticed a human
   799 | D        | Noticed a human
   805 | D        | Killed a human
   806 | D        | Reached skill level 10 in Fighting
   806 | D        | Reached skill level 11 in Axes
   806 | D        | Reached skill level 5 in Armour
   806 | D        | Reached skill level 1 in Stealth
   806 | D        | Reached XP level 6. HP: 67/67 MP: 5/5
   806 | D        | Killed a human
   806 | D        | Reached **** piety under Trog
   807 | D        | Reached XP level 7. HP: 74/74 MP: 6/6
   877 | D        | Found a radiant altar of Vehumet.
   879 | D        | Found a shimmering blue altar of Sif Muna.
   879 | D        | Found an ancient bone altar of Kikubaaqudgha.
   883 | D        | Reached skill level 12 in Axes
   916 | D        | Found a glowing silver altar of Zin.
   918 | D        | Found a glowing golden altar of the Shining One.
   918 | D        | Found a white marble altar of Elyvilon.
   918 | D        | Noticed a deep elf pyromancer
   926 | D        | Killed a deep elf pyromancer
   926 | D        | Reached ***** piety under Trog
   927 | D        | Reached skill level 13 in Axes
   930 | D        | Gained mutation: You possess an exceptional clarity of
                  | mind. [potion of mutation]
   930 | D        | Gained mutation: You are frail. (-10% HP) [potion of
                  | mutation]
   935 | D        | Lost mutation: You possess an exceptional clarity of mind.
                  | [potion of mutation]
   935 | D        | Lost mutation: You are frail. (-10% HP) [potion of
                  | mutation]
   935 | D        | Gained mutation: Your flesh is cold resistant. (rC+)
                  | [potion of mutation]
   935 | D        | Gained mutation: You have hidden genetic potential. [potion
                  | of mutation]
   959 | D        | Lost mutation: Your flesh is cold resistant. (rC+) [potion
                  | of mutation]
   959 | D        | Lost mutation: You have hidden genetic potential. [potion
                  | of mutation]
   959 | D        | Gained mutation: You are robust. (+10% HP) [potion of
                  | mutation]
   959 | D        | Gained mutation: Your skin changes colour to match your
                  | surroundings (Stealth+). [potion of mutation]
   959 | D        | Gained mutation: You have sharp toenails. [potion of
                  | mutation]
   959 | D        | Gained mutation: You expend magic power (3 MP) to
                  | strengthen your wands. [potion of mutation]
   961 | D        | Noticed a shadow
   964 | D        | Killed a shadow
   965 | D        | Reached XP level 8. HP: 94/94 MP: 7/7
   973 | D        | Found a blossoming altar of Fedhas.
   973 | D        | Found a stormy altar of Qazlal.
   973 | D        | Found a snail-covered altar of Cheibriados.
   973 | D        | Found a burning altar of Makhleb.
   973 | D        | Found a shimmering altar of Xom.
   974 | D        | Found a hazy altar of Hepliaklqana.
   974 | D        | Found an opulent altar of Gozag.
   974 | D        | Found a sparkling altar of Nemelex Xobeh.
   974 | D        | Found a corrupted altar of Lugonu.
   974 | D        | Found a viscous altar of Jiyva.
   989 | D        | HP: 1/94 [spatial vortex (25)]
  1052 | D        | Reached skill level 14 in Axes
  1319 | D        | Noticed Erica
  1324 | D        | Killed Erica
  1325 | D        | Reached skill level 15 in Axes
  1460 | D        | Received a gift from Trog
  1531 | D        | Noticed a centaur warrior
  1534 | D        | Reached skill level 1 in Long Blades
  1534 | D        | Reached XP level 9. HP: 92/105 MP: 8/8
  1534 | D        | Killed a centaur warrior
  1535 | D        | Reached skill level 15 in Fighting
  1535 | D        | Reached skill level 16 in Axes
  1631 | D        | Killed an unseen horror
  1959 | D        | Received a gift from Trog
  1966 | D        | Reached skill level 10 in Dodging
  1971 | D        | Reached ****** piety under Trog
  1974 | D        | Reached skill level 17 in Axes
  2346 | D        | Identified the +3 broad axe "Qedoe" {flame, *Rage rElec
                  | rPois Stlth+} (Trog gifted it to you in the Dungeon)
  2346 | D        | Received a gift from Trog
  2348 | D        | Noticed a queen bee
  2351 | D        | Killed a queen bee
  2353 | D        | Reached XP level 10. HP: 121/121 MP: 9/9
  2374 | D        | Received a gift from Trog
  2404 | D        | Reached skill level 18 in Axes
  2408 | D        | Received a gift from Trog
  2583 | D        | Noticed Harold
  2583 | D        | Noticed Joseph
  2594 | D        | Killed Harold
  2599 | D        | Killed Joseph
  2600 | D        | Reached skill level 19 in Axes
  2726 | D        | Noticed a rust devil
  2802 | D        | Received a gift from Trog
  2923 | D        | Noticed a cane toad
  2923 | D        | Noticed a cane toad
  2927 | D        | Killed a cane toad
  2930 | D        | Killed a cane toad
  2931 | D        | Reached skill level 20 in Axes
  2979 | D        | Reached XP level 11. HP: 134/134 MP: 10/10
  2996 | D        | Received a gift from Trog
  3029 | D        | Noticed a dire elephant
  3029 | D        | Noticed a dire elephant
  3029 | D        | Noticed Gastronok
  3156 | D        | Killed a dire elephant
  3157 | D        | Reached skill level 21 in Axes
  3157 | D        | Killed a dire elephant
  3167 | D        | Killed Gastronok
  3167 | D        | Received a gift from Trog
  3373 | D        | Noticed an azure jelly
  3373 | D        | Noticed an azure jelly
  3373 | D        | Noticed an azure jelly
  3374 | D        | Noticed an azure jelly
  3376 | D        | Noticed Rupert
  3395 | D        | Killed Rupert
  3396 | D        | Reached skill level 22 in Axes
  3804 | D        | Noticed a death yak
  3805 | D        | Noticed a death yak
  3812 | D        | Killed a death yak
  3816 | D        | Noticed a death yak
  3817 | D        | Killed a death yak
  3819 | D        | Noticed a death yak
  3823 | D        | Killed a death yak
  3823 | D        | Received a gift from Trog
  3824 | D        | Reached skill level 5 in Stealth
  3825 | D        | Killed a death yak
  3826 | D        | Reached XP level 12. HP: 147/150 MP: 11/11
  3886 | D        | Reached skill level 23 in Axes
  4210 | D        | Found Xiewis's Antique Weapon Shoppe.
  4210 | D        | Found Benafuof's Book Boutique.
  4210 | D        | Found Xoeclaut's Magic Scroll Emporium.
  4229 | D        | Noticed an eight-headed hydra
  4229 | D        | Noticed the 27-headed Lernaean hydra
  4239 | D        | Killed a five-headed hydra
  4248 | D        | HP: 1/152 [the 27-headed Lernaean hydra (9)]
  4248 | D        | Mangled by the 27-headed Lernaean hydra

Illustrated notes

Levels and vault maps discovered:
D:        dungeon_sprint_mu [sprint_mu_entry_forest, sprint_mu_temple_rooms,
          sprint_mu_d1_horrors, sprint_mu_d2_genie, sprint_mu_d3_branching,
          sprint_mu_orc_legion, sprint_mu_elf_gauntlet, sprint_mu_hive_nellie,
          sprint_mu_lair_fedhas, sprint_mu_vaults_butterflies,
          sprint_mu_slime_circle, sprint_mu_swamp_cave, sprint_mu_shoals_archi,
          sprint_mu_blade_basic, sprint_mu_crypt_chambers,
          sprint_mu_tomb_spiral, sprint_mu_vestibule_basic,
          sprint_mu_gehenna_hellfire, sprint_mu_dis_giant,
          sprint_mu_tartarus_statrot, sprint_mu_cocytus_islands, sprint_mu_zot1]

Skill      XL: |  1  2  3  4  5  6  7  8  9 10 11 12 |
---------------+-------------------------------------+-----
Fighting       | 5 7 8 10 11 13 14 16 19 21 22 | 22.5
Axes           | 5 7 8 11 13 15 17 20 22 23 | 23.2
Armour         | 3 4 5 6 7 |  7.1
Dodging        | 3 4 6 7 8 10 11 13 14 | 14.0
Stealth        | 1 2 3 5 |  5.7
Long Blades    | 1 3 4 |  4.5
Evocations     | |  0.1

Action                   |  1- 3 |  4- 6 |  7- 9 | 10-12 || total
-------------------------+-------+-------+-------+-------++-------
Melee: Hand axe          |    25 |    14 |    25 |       ||    64
       Headbutt          |     5 |     1 |    12 |    29 ||    47
       Punch             |       |     1 |       |     1 ||     2
       Kick              |       |       |    17 |    42 ||    59
       Scimitar          |       |       |     6 |       ||     6
       Executioner's axe |       |       |    40 |    16 ||    56
       Broad axe         |       |       |       |   112 ||   112
Invok: Berserk           |     1 |     3 |     7 |     6 ||    17
       Trog's Hand       |       |       |     1 |       ||     1
Evoke: Box of beasts     |       |       |     1 |       ||     1
  Use: Potion            |     1 |       |     5 |       ||     6
 Stab: Sleeping          |       |       |       |     3 ||     3
Armor: Animal skin       |     2 |     1 |    10 |     6 ||    19
       Leather armour    |       |       |       |     6 ||     6
Dodge: Dodged            |     9 |     6 |    49 |    93 ||   157
